 Dungeon Sprint DCSS version 0.28-a0-1387-g3a22ab9bdc (webtiles) character file.

Game seed: 7726866012867501618

91 HallandMoats the Demonic Catastrophe (level 4, -8/55 HPs)
             Began as a Demonspawn Monk on Jan 3, 2022.
             Was an Elder of Qazlal.
             Killed by divine providence
             ... invoked by a smoke demon
             ... summoned by the player character
              (10 damage)
             ... in the Dungeon (Sprint V: "Ziggurat Sprint").
             The game lasted 00:02:00 (135 turns).

HallandMoats the Demonic Catastrophe (DsMo)          Turns: 135, Time: 00:02:01

Health: -8/55      AC: 18    Str: 25    XL:     4   Next: 34%
Magic:  11/11      EV:  0    Int: 12    God:    Qazlal [****..]
Gold:   0          SH: 31    Dex: 15    Spells: 3/3 levels left

rFire   + . .      SeeInvis +   a - +14 obsidian axe {vorpal, Mesm Drain Fly SInv}
rCold   + . .      Faith    .   b - +18 shield of the Gong {rElec rN+ Will+ EV-5}
rNeg    + . .      Spirit   .   i - +5 gold dragon scales
rPois   +          Reflect  .   (helmet restricted)
rElec   +          Harm     .   (no cloak)
rCorr   .          Rampage  .   (no gloves)
Will    +....      NoTele   +   (no boots)
Stlth   ..........              (no amulet)
HPRegen 0.18/turn               x - +6 ring of strength
MPRegen 0.12/turn               y - +6 ring of strength

@: berserking, flying, mesmerised, repel missiles, very quick
A: antennae 2, repulsion field 1
a: Renounce Religion, Upheaval, Elemental Force


You were in the Dungeon.
You worshipped Qazlal.
Qazlal was greatly pleased with you.
You visited 1 branch

Inventory:

Hand Weapons
 a - the +14 obsidian axe (weapon) {vorpal, Mesm Drain Fly SInv}
   (You found it in the Dungeon)

   It inflicts extra damage upon your enemies.
   It occasionally summons demons to assist the wielder when it strikes in
   combat.
   Its wielder is mesmerised by any visible foes.
   It cannot be unequipped while any foes are visible.
   SInv:      It lets you see invisible.
   Fly:       It grants you flight.
   Drain:     It drains your maximum health when unequipped.
Armour
 b - the +18 shield of the Gong (worn) {rElec rN+ Will+ EV-5}
   (You found it in the Dungeon)

   It is deafeningly noisy when blocking attacks.
   EV:        It affects your evasion (-5).
   rElec:     It insulates you from electricity.
   rN:        It protects you from negative energy.
   Will:      It increases your willpower.
 i - +5 gold dragon scales (worn)
Jewellery
 x - a +6 ring of strength (left hand)
 y - a +6 ring of strength (right hand)
Scrolls
 h - 4 scrolls of blinking
 o - 4 scrolls of amnesia
 p - 7 scrolls of fog
 q - 5 scrolls of identify
 r - 2 scrolls of fear
Potions
 c - 10 potions of curing
 d - 9 potions of heal wounds
 e - 6 potions of haste
 f - 7 potions of magic
 g - 2 potions of berserk rage
 j - 2 potions of brilliance
 k - 2 potions of invisibility
 l - 4 potions of resistance
 n - 5 potions of might


   Skills:
 + Level 3.8 Fighting
 + Level 3.5 Axes
 + Level 2.0 Armour
 + Level 3.5 Dodging
 - Level 1.7 Stealth
 + Level 1.9 Shields
 * Level 10.6 Invocations


You had 3 spell levels left.
You didn't know any spells.
Your spell library was empty.

Dungeon Overview and Level Annotations

Branches:
Dungeon (1/1)

Altars:
Ashenzari
Cheibriados
Dithmenos
Elyvilon
Fedhas
Gozag
Hepliaklqana
Kikubaaqudgha
Makhleb
Nemelex Xobeh
Okawaru
Qazlal
Ru
Sif Muna
Trog
Uskayaw
Vehumet
Wu Jian
Xom
Yredelemnul
Zin
The Shining One
Beogh
Jiyva
Lugonu

Annotations:
D 1 transporter


Innate Abilities, Weirdness & Mutations

You have a pair of antennae on your head.
You are surrounded by a mild repulsion field. (EV +2)


Message History

GONNNNG!
The bone dragon claws you!
* * * LOW HITPOINT WARNING * * *
You block the bone dragon's attack.
GONNNNG!
Your Armour skill increases to level 2!
You have reached level 4!
You feel clever.
Your demonic ancestry asserts itself...
You begin to radiate repulsive energy.
You are too berserk!
You slash the bone dragon! You open a gate to Pandemonium!
A demon appears!
It doesn't seem very happy.
The bone dragon is lightly damaged.
Your orange demon stings the bone dragon but does no damage.
The bone dragon bites you.
* * * LOW HITPOINT WARNING * * *
The bone dragon claws you but does no damage.
You block the bone dragon's attack.
GONNNNG!
You slash the bone dragon!
The bone dragon is moderately damaged.
Your orange demon stings the bone dragon but does no damage.
The bone dragon bites you but does no damage.
You block the bone dragon's attack.
BOUMMMMG!
You block the bone dragon's attack.
GONNNNG!
The smoke demon gestures at you. You block the sticky flame.
GONNNNG!
You slash the bone dragon!
The bone dragon is moderately damaged.
Your orange demon stings the bone dragon but does no damage.
The bone dragon bites you but does no damage.
The bone dragon claws you but does no damage.
The bone dragon tramples you but does no damage.
The smoke demon is struck by lightning.
The smoke demon gestures at you. Something smites you!
You die...

▓▓▓▓▓▓▓▓▓▓▓▓▓▓▓▓▓▓▓
▓.8©8.▓.8©8.▓.8©8.▓
▓.)):.▓.|}}.▓.....▓
▓..|..▓.....▓.[.=.▓
▓.....▓.....▓.....▓
▓....4▓.....▓.....▓
▓°°D§3▓.....▓..©..▓
▓..@..▓..©..▓▓▓▓▓▓▓
▓▓▓▓▓▓▓▓▓▓▓▓▓ {{{ {


You could see a bone dragon (mesmerising, ally target), a smoke demon (summoned)
and a friendly orange demon (summoned).

Vanquished Creatures
  2 iron imps (D)
  3 white imps (D)
  An ufetubus (D)
  A giant cockroach zombie (D)
  A jackal zombie (D)
8 creatures vanquished.

Notes
Turn   | Place    | Note
-------+----------+-------------------------------------------
     0 | D        | HallandMoats the Demonspawn Monk began the quest for the
                  | Orb.
     0 | D        | Reached XP level 1. HP: 18/18 MP: 1/1
     4 | D        | Found a blossoming altar of Fedhas.
     4 | D        | Found the +6 Majin-Bo {vamp, MP+6 Int+6}
     4 | D        | Found the +9 heavy crossbow "Sniper" {vorpal, Acc+∞ SInv}
     4 | D        | Found the +10 dark maul {vorpal}
     4 | D        | Found the +15 Maxwell's patent armour {-Cast -Tele rElec
                  | Will+ rCorr}
     4 | D        | Found the +18 shield of the Gong {rElec rN+ Will+ EV-5}
     4 | D        | Found the +14 obsidian axe {vorpal, Mesm Drain Fly SInv}
     4 | D        | Found the +7 great mace "Firestarter" {inner flame, rF++}
     4 | D        | Found the +6 shillelagh "Devastator" {shatter}
     4 | D        | Found the +11 plutonium sword {Contam Stlth-}
     4 | D        | Found the +8 lance "Wyrmbane" {slay drac, rPois rF+ rC+
                  | AC+3}
     4 | D        | Found the +9 sword of Zonguldrok {reap}
     4 | D        | Found the +13 scythe of Curses {drain, Drain}
     4 | D        | Found the +5 sword of Power {vorpal}
     4 | D        | Found the +7 mace of Variability {chain chaos}
     4 | D        | Found the +7 Singing Sword {vorpal, sonic wave}
     4 | D        | Found the +8 storm bow {elec, penet}
     5 | D        | Found a shimmering blue altar of Sif Muna.
     5 | D        | Found a sacrificial altar of Ru.
     5 | D        | Found a bloodstained altar of Trog.
     5 | D        | Found a stormy altar of Qazlal.
     5 | D        | Found an iron altar of Okawaru.
     5 | D        | Found a sparkling altar of Nemelex Xobeh.
     7 | D        | Found a transporter.
     7 | D        | Found an ancient bone altar of Kikubaaqudgha.
     7 | D        | Found a viscous altar of Jiyva.
     7 | D        | Found a corrupted altar of Lugonu.
     7 | D        | Found a hazy altar of Hepliaklqana.
     7 | D        | Found a burning altar of Makhleb.
     7 | D        | Found an opulent altar of Gozag.
    12 | D        | Banished a spatial maelstrom
    45 | D        | Reached skill level 9 in Invocations
    45 | D        | Gained mutation: You have a pair of small antennae on your
                  | head. [demonic ancestry]
    45 | D        | Reached XP level 2. HP: 24/24 MP: 1/7
    50 | D        | Became a worshipper of Qazlal Stormbringer
    50 | D        | Reached * piety under Qazlal
    50 | D        | Reached ** piety under Qazlal
   105 | D        | Entered arena 2.
   105 | D        | Found a transporter.
   113 | D        | Entered arena 3.
   113 | D        | Found a transporter.
   117 | D        | Reached *** piety under Qazlal
   118 | D        | Reached skill level 1 in Armour
   118 | D        | Reached skill level 1 in Shields
   118 | D        | Reached skill level 10 in Invocations
   118 | D        | Gained mutation: You have a pair of antennae on your head.
                  | [demonic ancestry]
   118 | D        | Reached XP level 3. HP: 27/29 MP: 7/9
   123 | D        | Entered arena 4.
   123 | D        | Noticed a bone dragon
   123 | D        | Found a transporter.
   132 | D        | Reached **** piety under Qazlal
   133 | D        | Gained mutation: You are surrounded by a mild repulsion
                  | field. (EV +2) [demonic ancestry]
   133 | D        | Reached XP level 4. HP: 5/37 MP: 11/11
   133 | D        | Noticed a smoke demon
   133 | D        | HP: 1/55 [bone dragon (4)]
   135 | D        | Killed from afar by a smoke demon

Illustrated notes

Levels and vault maps discovered:
D:        sprint_v [room_start, room_1, room_2, room_3, room_4, room_5, room_6,
          room_7, room_8, room_9, room_10, room_11, room_12, room_13, room_14,
          room_15, room_16, room_17, room_18, room_19, room_20, room_21,
          room_22, room_23, room_24, room_25, room_26, room_27]

Skill      XL: |  1  2  3 |
---------------+----------+-----
Invocations    | 9 10 | 10.6
Axes           | 3 |  3.5
Armour         | 1 2 |  2.0
Dodging        | 3 |  3.5
Shields        | 1 |  1.9
Fighting       | |  3.8
Stealth        | |  1.7

Action                   |  1- 3 |  4- 6 || total
-------------------------+-------+-------++-------
Melee: Broad axe         |    11 |     3 ||    14
  Use: Potion            |     3 |       ||     3
Armor: Gold dragon scale |     9 |     5 ||    14
Block: Kite shield       |    25 |     4 ||    29

Table legend: (Time is in decaauts)
 A = Elapsed time spent in this place.
 B = Non-inter-level travel time spent in this place.
 C = Inter-level travel time spent in this place.
 D = Time resting spent in this place.
 E = Time spent auto-exploring this place.
 F = Levels seen in this place.
 G = Mean time per level.
                   A        B        C        D        E       F      G
               +--------+--------+--------+--------+--------+-----+--------+
         Total |    140 |    140 |      0 |     46 |      0 |   1 |  140.0 |
       Dungeon |    140 |    140 |      0 |     46 |      0 |   1 |  140.0 |
               +--------+--------+--------+--------+--------+-----+--------+

Top non-repeatable levels by time:
       D: 140 daAuts
